[Event "Titled Tuesday Blitz October 25 Early 2022"]
[White "Sanal, Vahap"]
[Black "Beerdsen, Thomas"]
[WhiteFideId "6300545"]
[BlackFideId "1030108"]
[WhiteElo "2574"]
[BlackElo "2567"]
[Result "1-0"]
[Round "08"]
[TimeControl "180+1"]
[Date "2022.10.25"]
[WhiteClock "0:00:35"]
[BlackClock "0:00:34"]

1. d4 d5 2. Nf3 Nc6 3. g3 Bf5 4. Bg2 e6 5. O-O Nf6 6. c4 Bd6 7. Nc3 a6 8. Bg5 Be7 9. Ne5 O-O 10. Nxc6 bxc6 11. Qa4 Rb8 12. b3 dxc4 13. Qxc4 Rb4 14. Qxc6 Rxd4 15. Qxa6 h6 16. Be3 Rd6 17. Qc4 Ng4 18. Bc5 Rd2 19. Bxe7 Qxe7 20. Qf4 Rfd8 21. Rac1 R8d4 22. Qf3 Ne5 23. Qa8+ Rd8 24. Qa5 Ng4 25. h3 Nf6 26. e4 Bg6 27. e5 Nh5 28. Ne4 Bxe4 29. Bxe4 Qg5 30. Rc3 Nf4 31. h4 Qg4 32. Bf3 Nh3+ 33. Kh2 Qf5 34. g4 Qf4+ 35. Kxh3 R8d3 36. Rxd3 Rxd3 37. Qa8+ Kh7 38. Kg2 Rd4 39. Re1 h5 40. Re4 1-0


[Site "https://www.chess.com"]

[Event "Titled Tuesday Blitz October 25 Early 2022"]
[White "Seliverstov, Vladimir"]
[Black "Sarana, Alexey"]
[WhiteFideId "4192036"]
[BlackFideId "24133795"]
[WhiteElo "2489"]
[BlackElo "2689"]
[Result "1-0"]
[Round "08"]
[TimeControl "180+1"]
[Date "2022.10.25"]
[WhiteClock "0:00:29"]
[BlackClock "0:00:09"]

1. d4 Nf6 2. c4 e6 3. g3 d5 4. Bg2 Nbd7 5. Qa4 Be7 6. Nc3 O-O 7. cxd5 exd5 8. Nf3 Re8 9. O-O Nf8 10. Ne5 c6 11. b4 Ng6 12. b5 c5 13. Nxg6 hxg6 14. Bg5 Be6 15. dxc5 Bxc5 16. Rad1 d4 17. Bxb7 Qb6 18. Bxa8 dxc3 19. Bc6 Rc8 20. Bxf6 gxf6 21. Rc1 Bd4 22. e3 Be5 23. Rfd1 a6 24. bxa6 Rc7 25. Qb5 Qa7 26. Rd8+ Kg7 27. Ra8 Bc4 28. Rxa7 Bxb5 29. Rxc7 1-0


[Site "https://www.chess.com"]

[Event "Titled Tuesday Blitz October 25 Early 2022"]
[White "Shankland, Sam"]
[Black "Caruana, Fabiano"]
[WhiteFideId "2004887"]
[BlackFideId "2020009"]
[WhiteElo "2612"]
[BlackElo "2847"]
[Result "1-0"]
[Round "08"]
[TimeControl "180+1"]
[Date "2022.10.25"]
[WhiteClock "0:00:07"]
[BlackClock "0:00:01"]

1. d4 Nf6 2. c4 e6 3. Nc3 Bb4 4. Qc2 d6 5. Nf3 O-O 6. Bd2 b6 7. e4 Bb7 8. Bd3 Nbd7 9. a3 Bxc3 10. Bxc3 e5 11. O-O-O Qe7 12. Rhe1 a5 13. g3 Rfe8 14. Nh4 g6 15. f3 a4 16. Ng2 exd4 17. Bxd4 Ne5 18. Be2 Nfd7 19. Ne3 Nc5 20. Kb1 Nb3 21. Bc3 c5 22. f4 Nd7 23. Nd5 Bxd5 24. exd5 Nd4 25. Bxd4 cxd4 26. Rxd4 Nc5 27. Rdd1 Qe3 28. Qd2 Qf2 29. Bg4 Qxd2 30. Rxe8+ Rxe8 31. Rxd2 Re1+ 32. Rd1 Re3 33. Rd2 f5 34. Bd1 Re1 35. Kc2 Kf7 36. Re2 Rh1 37. Rd2 h6 38. Bf3 Rf1 39. Be2 Re1 40. Bd3 Kf6 41. Re2 Rh1 42. Kc3 Rc1+ 43. Bc2 g5 44. Kb4 gxf4 45. gxf4 Rf1 46. Bxa4 Rxf4 47. Bc2 Rf1 48. Kb5 f4 49. b4 f3 50. Re8 Nd7 51. Re6+ Kg5 52. Rxd6 Ne5 53. Re6 Re1 54. h4+ Kxh4 55. Rf6 Kg3 56. d6 f2 57. c5 bxc5 58. bxc5 Rc1 59. Be4 Rc4 60. d7 Nxd7 61. Rf3+ Kg4 62. Rxf2 Rxe4 63. c6 Ne5 64. Rc2 Nf7 65. c7 h5 66. Kc6 Re8 67. Kd7 Ra8 68. c8=Q Rxc8 69. Rxc8 h4 70. Rg8+ Kf5 71. Rg7 Ng5 72. Rg8 Nf7 73. Rg1 h3 74. Rf1+ Kg6 75. Rh1 Ng5 76. a4 Kf5 77. a5 Kg4 78. a6 Ne4 79. a7 Nf2 80. Rxh3 Nxh3 81. a8=Q 1-0


[Site "https://www.chess.com"]

[Event "Titled Tuesday Blitz October 25 Early 2022"]
[White "Srihari L R"]
[Black "Volkov, Maksim"]
[WhiteFideId "46617116"]
[BlackFideId "54123070"]
[WhiteElo "2336"]
[BlackElo "2257"]
[Result "1-0"]
[Round "08"]
[TimeControl "180+1"]
[Date "2022.10.25"]
[WhiteClock "0:00:55"]
[BlackClock "0:00:08"]

1. d4 d5 2. c4 e6 3. Nc3 c6 4. Nf3 dxc4 5. a4 Bb4 6. e4 b5 7. Be2 Nf6 8. e5 Nd5 9. Bd2 Bb7 10. O-O Nxc3 11. bxc3 Be7 12. Qb1 Qd5 13. Bg5 f6 14. Bf4 Nd7 15. Nd2 fxe5 16. Bf3 Qd6 17. dxe5 Nxe5 18. Bxe5 Qxe5 19. axb5 Qc7 20. Qe4 O-O 21. Qxe6+ Kh8 22. bxc6 Bc8 23. Qxc4 Bf5 24. Rfe1 Bh4 25. Qxh4 Rad8 26. Nf1 a5 27. Ne3 Be6 28. Qg3 Qf7 29. Rxa5 Qf6 30. Qe5 1-0


[Site "https://www.chess.com"]

[Event "Titled Tuesday Blitz October 25 Early 2022"]
[White "Al Hosani, Omran"]
[Black "Hambleton, Aman"]
[WhiteFideId "9308733"]
[BlackFideId "2606577"]
[WhiteElo "2167"]
[BlackElo "2538"]
[Result "1-0"]
[Round "09"]
[TimeControl "180+1"]
[Date "2022.10.25"]
[WhiteClock "0:00:40"]
[BlackClock "0:00:01"]

1. d4 Nf6 2. c4 e6 3. Nc3 Bb4 4. a3 Bxc3+ 5. bxc3 Nc6 6. f3 Nh5 7. Nh3 f5 8. e4 O-O 9. Bg5 Qe8 10. Bd3 h6 11. Be3 fxe4 12. Bxe4 Nf6 13. O-O Nxe4 14. fxe4 Rxf1+ 15. Qxf1 b6 16. Qf4 e5 17. Qg3 Kh7 18. Qh4 d6 19. Ng5+ Kg8 20. Nf3 Ba6 21. c5 dxc5 22. d5 Nd8 23. Qg3 Kh7 24. Nxe5 Bc8 25. Rf1 Bd7 26. c4 Ba4 27. Bc1 Bc2 28. Bb2 Bxe4 29. Nf7 Qxf7 30. Rxf7 Bg6 31. Rxg7+ 1-0


[Site "https://www.chess.com"]

[Event "Titled Tuesday Blitz October 25 Early 2022"]
[White "Andreikin, Dmitry"]
[Black "Gokerkan, Cem Kaan"]
[WhiteFideId "4158814"]
[BlackFideId "6336760"]
[WhiteElo "2736"]
[BlackElo "2365"]
[Result "1/2-1/2"]
[Round "09"]
[TimeControl "180+1"]
[Date "2022.10.25"]
[WhiteClock "0:00:17"]
[BlackClock "0:00:06"]

1. c4 g6 2. d4 Bg7 3. e4 d6 4. Nc3 Nf6 5. h3 O-O 6. Be3 c5 7. Nf3 cxd4 8. Nxd4 Nc6 9. Be2 Nxd4 10. Bxd4 Bd7 11. O-O Bc6 12. Qc2 a5 13. Rfd1 a4 14. b4 axb3 15. axb3 Rxa1 16. Rxa1 Nd7 17. Bxg7 Kxg7 18. b4 Nf6 19. b5 Bd7 20. Qb2 Be6 21. Nd5 Bxd5 22. exd5 Qb6 23. Bf1 Re8 24. Re1 e5 25. dxe6 Rxe6 26. Rxe6 fxe6 27. g4 e5 28. Bg2 Nd7 29. Qd2 Nc5 30. h4 Qd8 31. h5 gxh5 32. gxh5 Qf6 33. b6 e4 34. Qd5 Qf4 35. Qd1 e3 36. fxe3 Qxe3+ 37. Kh1 Qf4 38. Qe1 Kh6 39. Qd1 Qh4+ 40. Kg1 Qf4 41. Qe2 Qd4+ 42. Kh1 Qh4+ 43. Kg1 Qd4+ 44. Kh1 Qh4+ 45. Kg1 Qd4+ 1/2-1/2


[Site "https://www.chess.com"]

[Event "Titled Tuesday Blitz October 25 Early 2022"]
[White "Bacrot, Etienne"]
[Black "Melikyan, Gnel"]
[WhiteFideId "605506"]
[BlackFideId "54109990"]
[WhiteElo "2666"]
[BlackElo "2138"]
[Result "0-1"]
[Round "09"]
[TimeControl "180+1"]
[Date "2022.10.25"]
[WhiteClock "0:00:06"]
[BlackClock "0:00:12"]

1. Nf3 Nf6 2. g3 g6 3. Bg2 Bg7 4. O-O O-O 5. c4 d6 6. Nc3 c6 7. d4 Qb6 8. h3 Qa6 9. b3 b5 10. cxb5 cxb5 11. e4 Bb7 12. e5 Nd5 13. Ne4 Ne3 14. Bxe3 Bxe4 15. Rc1 dxe5 16. dxe5 Nc6 17. e6 f5 18. Qe2 Nb4 19. Rfd1 Nxa2 20. Ra1 Nc3 21. Rxa6 Nxe2+ 22. Kh2 f4 23. gxf4 Nxf4 24. Bh1 Nd5 25. Bc5 Nc3 26. Rd7 Bxf3 27. Bxf3 Rxf3 28. Rxe7 Ne4 29. Raxa7 Rxa7 30. Bxa7 Bf8 31. Re8 Nf6 32. Rb8 Kg7 33. Rb7+ Kh6 34. e7 Bxe7 35. Rxe7 Rxb3 36. Be3+ g5 37. Re6 Kg6 38. Kg2 Kf5 39. Rb6 b4 40. Rb5+ Ke6 41. Rb6+ Kf5 42. Rb5+ Ke6 43. Bxg5 Nd5 44. Bh6 Rb1 45. h4 b3 46. Bg7 Nf4+ 47. Kf3 Nd5 48. h5 Rh1 49. h6 Rh3+ 50. Ke2 Nc3+ 51. Bxc3 Rxc3 52. Rb7 Kf6 53. Kd2 Rc2+ 54. Ke3 b2 55. f4 Kg6 56. Rb6+ Kh5 57. Ke4 Re2+ 58. Kf3 Rc2 59. f5 Kg5 60. f6 Kxh6 61. Ke4 Kg6 62. Ke5 Re2+ 63. Kd5 h5 64. Kd4 h4 65. Kd3 Rf2 66. Ke3 Rh2 67. Kf4 Rg2 68. Kf3 h3 69. f7+ Kxf7 70. Rb5 Kg6 71. Rb6+ Kf5 72. Rb5+ Ke6 73. Rb4 Kd5 74. Rb5+ Kc4 75. Rxb2 Rxb2 0-1


[Site "https://www.chess.com"]

[Event "Titled Tuesday Blitz October 25 Early 2022"]
[White "Baskakov, Egor"]
[Black "Ovchinnikov, Vsevolod"]
[WhiteFideId "24197866"]
[BlackFideId "24176842"]
[WhiteElo "2211"]
[BlackElo "2376"]
[Result "1-0"]
[Round "09"]
[TimeControl "180+1"]
[Date "2022.10.25"]
[WhiteClock "0:01:24"]
[BlackClock "0:00:01"]

1. c4 Nf6 2. Nc3 d5 3. cxd5 Nxd5 4. g3 g6 5. Bg2 Nb6 6. Nf3 Bg7 7. O-O Nc6 8. h3 e5 9. d3 h6 10. Rb1 O-O 11. b3 f5 12. Bb2 g5 13. Re1 Be6 14. e3 Qd7 15. d4 exd4 16. Nxd4 Nxd4 17. exd4 c6 18. Qe2 Rae8 19. Qh5 Bf7 20. Qf3 Bxd4 21. Red1 c5 22. Ne2 Bd5 23. Qh5 Bxg2 24. Nxd4 cxd4 25. Qg6+ Qg7 26. Qxg7+ Kxg7 27. Bxd4+ Kg6 28. Kxg2 Re2 29. a4 f4 30. g4 f3+ 31. Kg3 h5 32. gxh5+ Kxh5 33. Bxb6 axb6 34. Rd5 Re4 35. Rc1 Rb4 36. Rc7 Rxb3 37. Rd6 g4 38. h4 Rh8 39. Rg7 1-0


[Site "https://www.chess.com"]

[Event "Titled Tuesday Blitz October 25 Early 2022"]
[White "Belov, Vladimir"]
[Black "Madaminov, Mukhiddin"]
[WhiteFideId "4132394"]
[BlackFideId "14210703"]
[WhiteElo "2498"]
[BlackElo "2341"]
[Result "0-1"]
[Round "09"]
[TimeControl "180+1"]
[Date "2022.10.25"]
[WhiteClock "0:00:04"]
[BlackClock "0:00:06"]

1. e4 e5 2. Nf3 Nc6 3. Bb5 a6 4. Ba4 Nf6 5. O-O Nxe4 6. d4 b5 7. Bb3 d5 8. dxe5 Be6 9. Nbd2 Be7 10. c3 O-O 11. Bc2 f5 12. Nb3 Qd7 13. Nbd4 Nxd4 14. Nxd4 c5 15. Nxe6 Qxe6 16. f3 Ng5 17. a4 Rad8 18. axb5 axb5 19. Ra7 c4 20. Be3 Rd7 21. Rxd7 Qxd7 22. Qd2 Nf7 23. f4 Qe6 24. Bd1 Rd8 25. Bf3 g5 26. g3 gxf4 27. gxf4 Nh8 28. Rd1 Kf8 29. Bxd5 Qh6 30. Kh1 Ng6 31. Rg1 Qh3 32. Bb6 Rd7 33. e6 Rd6 34. Bc7 Qf3+ 35. Bxf3 Rxd2 36. Rg2 Rd3 37. Bh5 Bf6 38. Bxg6 hxg6 39. Rxg6 Ke7 40. Kg2 Rd2+ 41. Kg3 Rxb2 42. Bd6+ Kxd6 43. Rxf6 Rb3 44. Rg6 Rxc3+ 45. Kh4 b4 46. e7+ Kxe7 47. Rb6 b3 48. Kg5 Rh3 49. Kxf5 Rxh2 50. Ke4 Rc2 51. f5 b2 52. Kd4 c3 53. f6+ Kf7 54. Ke5 Rc1 55. Rb7+ Kg6 56. f7 Rf1 57. Kd4 Rxf7 58. Rb6+ Rf6 0-1


[Site "https://www.chess.com"]

[Event "Titled Tuesday Blitz October 25 Early 2022"]
[White "Bortnyk, Olexandr"]
[Black "Rustemov, Alexander"]
[WhiteFideId "14120828"]
[BlackFideId "4119002"]
[WhiteElo "2723"]
[BlackElo "2794"]
[Result "1-0"]
[Round "09"]
[TimeControl "180+1"]
[Date "2022.10.25"]
[WhiteClock "0:01:11"]
[BlackClock "0:00:15"]

1. e4 e6 2. d4 d5 3. Nc3 dxe4 4. Nxe4 Bd7 5. Nf3 Bc6 6. Bd3 Nd7 7. O-O Ngf6 8. Re1 Be7 9. c4 Nxe4 10. Bxe4 Bxe4 11. Rxe4 Nf6 12. Rh4 c5 13. Bg5 h6 14. Ne5 O-O 15. Bxh6 Nh7 16. Qg4 Bf6 17. Qg3 cxd4 18. Rg4 g6 19. Bxf8 Nxf8 20. Rd1 Qc7 21. Re4 Rd8 22. Ng4 Bg7 23. Qxc7 1-0


[Site "https://www.chess.com"]

[Event "Titled Tuesday Blitz October 25 Early 2022"]
[White "Caruana, Fabiano"]
[Black "Sanal, Vahap"]
[WhiteFideId "2020009"]
[BlackFideId "6300545"]
[WhiteElo "2847"]
[BlackElo "2574"]
[Result "1-0"]
[Round "09"]
[TimeControl "180+1"]
[Date "2022.10.25"]
[WhiteClock "0:00:17"]
[BlackClock "0:00:05"]

1. d4 d6 2. e4 Nf6 3. Nc3 e5 4. Nf3 Nbd7 5. Bc4 Be7 6. O-O O-O 7. a4 c6 8. Re1 h6 9. b3 exd4 10. Nxd4 Ne5 11. Bf1 Ng6 12. Bb2 Re8 13. h3 Bf8 14. Qd2 a5 15. Rad1 Qc7 16. g3 Bd7 17. Bg2 Rad8 18. f4 Bc8 19. Qf2 Nd7 20. Nf5 Nc5 21. g4 Ne6 22. Ne2 d5 23. e5 Bc5 24. Nfd4 f6 25. exf6 Ngxf4 26. fxg7 Nxe2+ 27. Rxe2 Qxg7 28. Kh1 Nxd4 29. Rxe8+ Rxe8 30. Bxd4 Bxd4 31. Rxd4 Qe5 32. Rd2 Rf8 33. Qe2 Qf4 34. c4 Bd7 35. cxd5 cxd5 36. Bxd5+ Kh8 37. Bxb7 Be6 38. Bd5 Qg3 39. Bg2 Qxb3 40. Qe5+ Kg8 41. Rd6 Re8 42. Kh2 Qb8 43. Qg3 Qc7 44. Rxe6 Qxg3+ 45. Kxg3 Rxe6 46. Bd5 Kf7 47. Kf4 Kf6 48. Bxe6 Kxe6 49. h4 Kf6 50. Ke4 Ke6 51. g5 1-0


[Site "https://www.chess.com"]

[Event "Titled Tuesday Blitz October 25 Early 2022"]
[White "Costachi, Mihnea"]
[Black "Czernek, Tymon"]
[WhiteFideId "1217518"]
[BlackFideId "1199510"]
[WhiteElo "2437"]
[BlackElo "2240"]
[Result "1-0"]
[Round "09"]
[TimeControl "180+1"]
[Date "2022.10.25"]
[WhiteClock "0:00:18"]
[BlackClock "0:00:08"]

1. Nc3 Nf6 2. e4 d6 3. d4 g6 4. g3 Bg7 5. Bg2 O-O 6. Nf3 c5 7. O-O Nbd7 8. e5 Ne8 9. exd6 exd6 10. Re1 Nc7 11. Bf4 cxd4 12. Nxd4 Ne5 13. Ndb5 Nxb5 14. Nxb5 Nc4 15. Nxd6 Nxb2 16. Qf3 Be6 17. Qxb7 g5 18. Qxa8 Qxa8 19. Bxa8 gxf4 20. Bg2 fxg3 21. hxg3 Rd8 22. Nb7 Rd2 23. Nc5 Bd4 24. Ne4 Rxc2 25. Rac1 Rxc1 26. Rxc1 Bxa2 27. Rc8+ Kg7 28. Nd6 Be6 29. Rc2 a5 30. Nb5 Bf6 31. Nc3 Nd3 32. Rd2 Bxc3 33. Rxd3 Bb2 34. Bd5 a4 35. Bxe6 fxe6 36. Rd6 a3 37. Ra6 Kf7 38. f4 Ke7 39. Kf2 Kd7 40. Ke3 Kc7 41. Kd3 Kb7 42. Ra4 Kc6 43. Kc4 Kb6 44. Kb3 Kc5 45. Ra7 h6 46. Rh7 Kd5 47. Rxh6 e5 48. Rh5 Ke4 49. f5 Kf3 50. f6 e4 51. f7 Bg7 52. Rf5+ Kxg3 53. Rg5+ Kf2 54. Rxg7 e3 55. f8=Q+ 1-0


[Site "https://www.chess.com"]

[Event "Titled Tuesday Blitz October 25 Early 2022"]
[White "Deac, Bogdan-Daniel"]
[Black "Matinian, Nikita"]
[WhiteFideId "1226380"]
[BlackFideId "24129100"]
[WhiteElo "2648"]
[BlackElo "2422"]
[Result "1-0"]
[Round "09"]
[TimeControl "180+1"]
[Date "2022.10.25"]
[WhiteClock "0:00:13"]
[BlackClock "0:00:10"]

1. e4 e5 2. Nf3 Nc6 3. Bb5 a6 4. Ba4 Bc5 5. c3 Nge7 6. d4 exd4 7. cxd4 Bb4+ 8. Bd2 Bxd2+ 9. Qxd2 d5 10. exd5 Qxd5 11. O-O O-O 12. Nc3 Qd8 13. d5 Na7 14. Rfe1 Bf5 15. Qg5 Nac8 16. Rad1 h6 17. Qh4 Bg6 18. g4 b5 19. Bb3 Re8 20. d6 Nxd6 21. Ne5 Qc8 22. Qg3 b4 23. Nd5 Nxd5 24. Bxd5 Bc2 25. Rc1 Bh7 26. Qf3 Be4 27. Rxe4 Nxe4 28. Qxe4 c6 29. Bxf7+ Kh8 30. Ng6+ 1-0


[Site "https://www.chess.com"]

[Event "Titled Tuesday Blitz October 25 Early 2022"]
[White "Faizrakhmanov, Ramil"]
[Black "Jobava, Baadur"]
[WhiteFideId "24103209"]
[BlackFideId "13601520"]
[WhiteElo "2421"]
[BlackElo "2582"]
[Result "0-1"]
[Round "09"]
[TimeControl "180+1"]
[Date "2022.10.25"]
[WhiteClock "0:00:22"]
[BlackClock "0:00:51"]

1. d4 Nf6 2. c4 c5 3. d5 d6 4. Nc3 g6 5. e4 Bg7 6. h3 O-O 7. Nf3 e6 8. Bd3 exd5 9. exd5 Re8+ 10. Be3 Rxe3+ 11. fxe3 Qe7 12. O-O Nbd7 13. Qd2 b6 14. Rf2 Ba6 15. Raf1 Rf8 16. e4 h5 17. e5 dxe5 18. Ng5 e4 19. Ngxe4 Nxe4 20. Nxe4 Bd4 21. Kh1 Bxf2 22. Rxf2 Bxc4 23. Qh6 Bxd3 24. Ng5 f6 25. Ne6 Rf7 26. Rf3 Ne5 27. Rg3 Rh7 28. Qf4 c4 29. Re3 Rf7 30. Rg3 Qd6 31. Qd4 Rd7 32. Nf4 Kf7 33. Qe3 h4 34. Nxd3 hxg3 0-1


[Site "https://www.chess.com"]

[Event "Titled Tuesday Blitz October 25 Early 2022"]
[White "Firouzja, Alireza"]
[Black "Fernandez Guillen, Ernesto J."]
[WhiteFideId "12573981"]
[BlackFideId "3512428"]
[WhiteElo "2903"]
[BlackElo "2422"]
[Result "0-1"]
[Round "09"]
[TimeControl "180+1"]
[Date "2022.10.25"]
[WhiteClock "0:02:26"]
[BlackClock "0:01:38"]

1. d4 Nf6 2. Bg5 d5 3. Nd2 g6 4. e3 Bg7 5. c3 O-O 6. Bd3 b6 7. Ngf3 Bb7 8. Qc2 Nbd7 9. O-O c5 10. a4 a6 11. b4 h6 12. Bxf6 Bxf6 13. bxc5 bxc5 14. Rab1 Bc6 15. Bxg6 fxg6 16. Qxg6+ Kh8 17. Qxh6+ Kg8 18. Qg6+ Kh8 19. Ng5 Bxg5 20. Qh5+ Kg7 21. Qxg5+ Kf7 22. Qh5+ Kg7 23. Qg4+ Kf7 24. Nf3 Rg8 25. Ng5+ Rxg5 26. Qxg5 Nf6 27. dxc5 Qa5 28. c4 Rg8 29. Qf5 Qxc5 30. cxd5 Bxd5 31. e4 Rxg2+ 32. Kh1 Bxe4 33. Qxe4 Nxe4 34. Kxg2 Qg5+ 0-1


[Site "https://www.chess.com"]

[Event "Titled Tuesday Blitz October 25 Early 2022"]
[White "Gabrielian, Artur"]
[Black "Salgado Lopez, Ivan"]
[WhiteFideId "4131002"]
[BlackFideId "2257327"]
[WhiteElo "2432"]
[BlackElo "2594"]
[Result "1-0"]
[Round "09"]
[TimeControl "180+1"]
[Date "2022.10.25"]
[WhiteClock "0:00:36"]
[BlackClock "0:00:27"]

1. e4 c6 2. d4 d5 3. e5 Bf5 4. h4 h5 5. Bd3 Bxd3 6. Qxd3 e6 7. Nf3 Qa5+ 8. Nbd2 Qa6 9. c4 Nh6 10. O-O Nf5 11. b3 Nd7 12. a4 Qa5 13. Ba3 Bxa3 14. Rxa3 Qb4 15. Raa1 a5 16. g3 O-O 17. Rfe1 Rfd8 18. cxd5 cxd5 19. Nf1 Rac8 20. Rac1 Qa3 21. Ra1 Qb4 22. Rec1 Nf8 23. Ne3 Nxe3 24. fxe3 Nh7 25. Kg2 g6 26. Ng1 Kg7 27. Ne2 Nf8 28. Rf1 Nd7 29. Rf2 Rf8 30. Raf1 Rc7 31. g4 hxg4 32. h5 Qe7 33. Nf4 Rh8 34. Nxg6 1-0


[Site "https://www.chess.com"]

[Event "Titled Tuesday Blitz October 25 Early 2022"]
[White "Hayrapetyan, Hovik"]
[Black "Kosakowski, Jakub"]
[WhiteFideId "13302639"]
[BlackFideId "1185080"]
[WhiteElo "2376"]
[BlackElo "2463"]
[Result "0-1"]
[Round "09"]
[TimeControl "180+1"]
[Date "2022.10.25"]
[WhiteClock "0:00:04"]
[BlackClock "0:01:22"]

1. d4 d5 2. c4 e5 3. dxe5 d4 4. Nf3 Nc6 5. a3 Nge7 6. b4 Ng6 7. Bb2 Ngxe5 8. Nxe5 Nxe5 9. e3 Be6 10. Qxd4 Nxc4 11. Bc3 Qxd4 12. Bxd4 f6 13. Nd2 Nxd2 14. Kxd2 Bd6 15. Kc3 O-O-O 16. Be2 Rd7 17. f4 Rhd8 18. g3 c5 19. bxc5 Rc7 20. Kb4 Bxc5+ 21. Bxc5 Rd2 22. Rab1 Rxe2 23. Bxa7 Rec2 24. Rhd1 R2c4+ 25. Ka5 Bd7 26. Rb4 R4c5+ 27. Bxc5 Rxc5+ 28. Kb6 Rc6+ 29. Kb5 Rd6+ 30. Kc5 Rxd1 31. e4 Bc6 32. e5 fxe5 33. fxe5 Kc7 34. Rf4 Rd5+ 35. Kc4 Rd7 36. h4 Bd5+ 37. Kc5 Be6 38. Kb4 Rd5 39. Re4 b6 40. a4 Kc6 41. Re3 Rd4+ 42. Ka3 Kd5 43. h5 h6 0-1


[Site "https://www.chess.com"]

[Event "Titled Tuesday Blitz October 25 Early 2022"]
[White "Kamsky, Gata"]
[Black "Seo, Jung Min"]
[WhiteFideId "2000024"]
[BlackFideId "1734687"]
[WhiteElo "2666"]
[BlackElo "2455"]
[Result "1-0"]
[Round "09"]
[TimeControl "180+1"]
[Date "2022.10.25"]
[WhiteClock "0:01:17"]
[BlackClock "0:01:11"]

1. e4 c5 2. Nc3 d6 3. Bc4 Nc6 4. a3 g6 5. d3 Bg7 6. Nf3 e6 7. O-O Nge7 8. Ba2 O-O 9. Ne2 d5 10. h3 e5 11. Nc3 d4 12. Ne2 Kh8 13. Ng5 Qe8 14. f4 exf4 15. Nxf4 Ne5 16. Qe1 h6 17. Nf3 Nxf3+ 18. Rxf3 Rb8 19. Bd2 b6 20. Qg3 Bd7 21. Raf1 Rc8 22. Nh5 gxh5 23. Rxf7 Rg8 24. Qd6 Ba4 25. Rxe7 Qb5 26. Bxg8 Rb8 27. Bc4 Qxc4 28. dxc4 Rg8 29. Rff7 b5 30. Bxh6 b4 31. Bxg7+ Rxg7 32. Rxg7 b3 33. cxb3 Bb5 34. Rh7+ Kg8 35. cxb5 c4 36. bxc4 d3 37. Qxd3 1-0


[Site "https://www.chess.com"]

[Event "Titled Tuesday Blitz October 25 Early 2022"]
[White "Krysa, Leandro"]
[Black "Wirig, Anthony"]
[WhiteFideId "116807"]
[BlackFideId "615013"]
[WhiteElo "2486"]
[BlackElo "2474"]
[Result "1-0"]
[Round "09"]
[TimeControl "180+1"]
[Date "2022.10.25"]
[WhiteClock "0:00:08"]
[BlackClock "0:00:03"]

1. e4 c5 2. Nf3 e6 3. d4 cxd4 4. Nxd4 Nf6 5. Nc3 Nc6 6. a3 Bc5 7. Nxc6 dxc6 8. Qxd8+ Kxd8 9. e5 Ng4 10. Ne4 Bd4 11. f4 f5 12. Ng5 Ke7 13. h3 Nf2 14. Rh2 h6 15. Nf3 Bb6 16. Ke2 Ne4 17. Be3 Ng3+ 18. Kf2 Ne4+ 19. Ke2 Ng3+ 20. Kd2 Rd8+ 21. Bd3 c5 22. Kc3 Bd7 23. Nd2 Bc6 24. Nc4 Ne4+ 25. Bxe4 Bxe4 26. g4 Rd5 27. Rg1 Kf7 28. gxf5 Bxf5 29. Rhg2 g6 30. Nd6+ Rxd6 31. exd6 Rd8 32. h4 h5 33. Rd1 Rd7 34. Kc4 Bd8 35. Rh2 b6 36. b4 cxb4 37. axb4 Be4 38. Rd4 Bb7 39. Kb5 Bf6 40. Rhd2 Bxh4 41. c4 Bd8 42. c5 a6+ 43. Kc4 Bc6 44. Ra2 a5 45. b5 Bxb5+ 46. Kxb5 bxc5 47. Kxc5 Bf6 48. Kc6 Rd8 49. Rd3 h4 50. d7 h3 51. Bb6 Ra8 52. d8=Q Bxd8 53. Bxd8 Ra6+ 54. Bb6 a4 55. Rxh3 1-0


[Site "https://www.chess.com"]

[Event "Titled Tuesday Blitz October 25 Early 2022"]
[White "Martinez Alcantara, Jose Eduardo"]
[Black "Seliverstov, Vladimir"]
[WhiteFideId "3805662"]
[BlackFideId "4192036"]
[WhiteElo "2703"]
[BlackElo "2489"]
[Result "1-0"]
[Round "09"]
[TimeControl "180+1"]
[Date "2022.10.25"]
[WhiteClock "0:00:40"]
[BlackClock "0:00:27"]

1. e4 d5 2. exd5 Qxd5 3. Nc3 Qd6 4. g3 Nf6 5. Bg2 h5 6. h3 Nc6 7. d3 Bf5 8. Nge2 O-O-O 9. Be3 e5 10. Nb5 Qb4+ 11. Nec3 Nd4 12. a3 Qa5 13. b4 Qa6 14. a4 Bxb4 15. O-O Qa5 16. Ne2 Bc5 17. Nexd4 Bxd4 18. Qf3 Be6 19. Qxb7+ Kd7 20. Bxd4 exd4 21. Nxd4 Bd5 22. Qb5+ Qxb5 23. axb5 Ra8 24. Rfe1 Bxg2 25. Kxg2 h4 26. g4 Nd5 27. Kf3 Rh6 28. Re5 Rf6+ 29. Rf5 Rxf5+ 30. Nxf5 g5 31. Nd4 Nf4 32. Ne2 Ne6 33. d4 Kd6 34. c4 f6 35. Ra6+ Kd7 36. Ke4 Re8 37. Kd3 Nf4+ 38. Nxf4 gxf4 39. Rxf6 Re1 40. Rxf4 Rh1 41. Rf3 Ke6 42. g5 Rg1 43. Rf4 1-0


[Site "https://www.chess.com"]

[Event "Titled Tuesday Blitz October 25 Early 2022"]
[White "Matlakov, Maxim"]
[Black "Rohith Krishna S"]
[WhiteFideId "4168003"]
[BlackFideId "46617051"]
[WhiteElo "2669"]
[BlackElo "2270"]
[Result "1-0"]
[Round "09"]
[TimeControl "180+1"]
[Date "2022.10.25"]
[WhiteClock "0:00:13"]
[BlackClock "0:00:15"]

1. Nf3 Nf6 2. g3 g6 3. Bg2 Bg7 4. d4 O-O 5. O-O d6 6. Nc3 Nbd7 7. e4 e5 8. Re1 Re8 9. a4 c6 10. h3 Qc7 11. a5 Nf8 12. Be3 N6d7 13. Kh2 Ne6 14. Qd2 Rb8 15. b3 b5 16. axb6 axb6 17. d5 Nec5 18. b4 Na6 19. dxc6 Nf6 20. b5 Nc5 21. Nd5 Nxd5 22. exd5 f5 23. Ra3 e4 24. Nd4 Qf7 25. Nb3 Bb2 26. Ra2 Bf6 27. Nxc5 bxc5 28. c4 Qg7 29. Bf4 Rd8 30. Rb1 g5 31. Be3 f4 32. gxf4 g4 33. b6 gxh3 34. Bh1 Bc3 35. Qc2 Rxb6 36. Rxb6 Kh8 37. Ra3 Bf6 38. Ra8 Rg8 39. Rb1 Bh4 40. Bxe4 Bg3+ 41. fxg3 Qxg3+ 42. Kh1 Qxe3 43. Qb2+ Rg7 44. Rxc8# 1-0


[Site "https://www.chess.com"]

[Event "Titled Tuesday Blitz October 25 Early 2022"]
[White "Milikow, Yoav"]
[Black "Jones, Gawain C B"]
[WhiteFideId "2822237"]
[BlackFideId "409561"]
[WhiteElo "2341"]
[BlackElo "2657"]
[Result "0-1"]
[Round "09"]
[TimeControl "180+1"]
[Date "2022.10.25"]
[WhiteClock "0:00:12"]
[BlackClock "0:00:04"]

1. d4 Nf6 2. c4 g6 3. Nc3 Bg7 4. e4 d6 5. Be2 O-O 6. Be3 e5 7. d5 Na6 8. g4 Nc5 9. f3 a5 10. h4 h5 11. g5 Nfd7 12. Qd2 Nb6 13. Nh3 Bxh3 14. Rxh3 Nba4 15. Nb5 c6 16. dxc6 bxc6 17. Nxd6 Qd7 18. Rh2 Ne6 19. O-O-O Nd4 20. c5 Nxc5 21. Bxd4 exd4 22. Nc4 Rab8 23. Bd3 Rb4 24. Qc2 Rfb8 25. Rhd2 Qb7 26. e5 Qb5 27. Bf1 d3 28. Rxd3 Nxd3+ 29. Bxd3 Bxe5 30. a3 Rxc4 31. Bxc4 Qxb2+ 32. Qxb2 Bxb2+ 33. Kc2 Bxa3 34. Rd7 Rf8 35. Rc7 c5 36. Kb3 Bb4 37. f4 Be1 38. Rxc5 Bxh4 39. Rxa5 Kg7 40. Ra6 Bg3 41. Rf6 h4 42. Bf1 Rb8+ 43. Kc2 Rb4 44. f5 Rg4 45. fxg6 fxg6 46. Bd3 Rxg5 47. Ra6 h3 48. Be4 Rg4 49. Kd3 h2 50. Ra1 Be5 51. Rh1 Rg1 52. Ke3 Kf6 53. Kf2 Bd4+ 54. Ke2 Be5 55. Kf2 Bd6 56. Ke2 Kg5 57. Kf2 Kf4 58. Bg2 Bc5+ 59. Ke2 Rxg2+ 60. Kd3 g5 61. Kc4 Bg1 62. Rxh2 Rxh2 0-1


[Site "https://www.chess.com"]